[ AOE2 MATCH · #505652058 ]
UnrankedGoths vs Poles
Player's team · WIN
Rival team · LOSS
[ REPLAY ANALYSIS · EXTRACTED FROM THE RECORDED GAME ]
Feudal
11:18
Castle
19:37
Imperial
—
| APM avg | 59.7 |
| APM peak | 92 |
| eAPM avg | 32.5 |
| Villagers / military | 65 / 116 |
Focus
⚔️ 49.7% · 🌾 50.3%
Militia ×106 · Archer ×6 · Battering Ram ×3 · Monk ×1
Feudal
8:58
Castle
20:11
Imperial
—
| APM avg | 137.2 |
| APM peak | 192 |
| eAPM avg | 58.2 |
| Villagers / military | 69 / 37 |
Focus
⚔️ 76.8% · 🌾 23.2%
Knight ×11 · Skirmisher ×9 · Monk ×7 · Mangonel ×4 · Scout Cavalry ×3 · Militia ×2
Match map
Initial resources + every placement click. Lines = walls · curves = elevation contours. ◆ gold · ⬟ stone · ● berries · ✦ relic · ◌ wall gap
Your base· ✓ Closed at 19:37 · 45t walls · no gate
NOC | Mati's base· ✓ Closed at 20:11 · 55t walls · no gate
Smoothed initial terrain · ◌ = detected wall gap · hover for details
Inputs per minute
— Leonidas - - NOC | Mati
Build order — Leonidas
First 150 of 282 actions detected
| 0:00 | Create | Villager (Male) |
| 0:01 | Build | House |
| 0:02 | Build | House |
| 0:04 | Create | Villager (Male) |
| 0:05 | Create | Villager (Male) |
| 0:06 | Create | Villager (Male) |
| 0:06 | Research | Loom |
| 1:14 | Create | Villager (Male) |
| 1:40 | Create | Villager (Male) |
| 1:49 | Build | Lumber Camp |
| 2:09 | Create | Villager (Male) |
| 2:29 | Create | Villager (Male) |
| 2:55 | Create | Villager (Male) |
| 3:20 | Create | Villager (Male) |
| 3:48 | Build | House |
| 3:54 | Create | Villager (Male) |
| 4:11 | Create | Villager (Male) |
| 4:15 | Build | Barracks |
| 4:42 | Create | Villager (Male) |
| 4:52 | Create | Villager (Male) |
| 5:04 | Create | Militia |
| 5:05 | Build | House |
| 5:14 | Create | Villager (Male) |
| 5:21 | Create | Militia |
| 5:35 | Create | Villager (Male) |
| 5:39 | Create | Militia |
| 5:42 | Build | Mill |
| 5:46 | Create | Villager (Male) |
| 6:14 | Create | Villager (Male) |
| 6:28 | Create | Villager (Male) |
| 6:35 | Build | Palisade Wall |
| 6:46 | Create | Villager (Male) |
| 7:07 | Build | House |
| 7:11 | Create | Villager (Male) |
| 7:19 | Build | Palisade Wall |
| 7:32 | Build | Farm |
| 7:34 | Research | Loom |
| 7:40 | Build | Palisade Wall |
| 8:00 | Create | Villager (Male) |
| 8:05 | Build | Palisade Wall |
| 8:11 | Build | Palisade Wall |
| 8:29 | Create | Villager (Male) |
| 8:52 | Build | Palisade Wall |
| 8:56 | Build | Farm |
| 8:59 | Create | Villager (Male) |
| 9:08 | Research | Feudal Age |
| 9:20 | Build | Mining Camp |
| 9:38 | Build | House |
| 9:45 | Create | Villager (Male) |
| 10:23 | Create | Militia |
| 10:39 | Create | Militia |
| 10:44 | Build | House |
| 11:18 | Age | Feudal Age |
| 11:21 | Build | Archery Range |
| 11:23 | Research | Man-at-Arms (upgrade) |
| 11:24 | Research | Double-Bit Axe |
| 11:25 | Create | Villager (Male) |
| 11:38 | Research | Horse Collar |
| 11:57 | Create | Villager (Male) |
| 12:01 | Build | Farm |
| 12:16 | Create | Archer |
| 12:18 | Create | Villager (Male) |
| 12:19 | Create | Villager (Male) |
| 12:21 | Create | Villager (Male) |
| 12:42 | Create | Villager (Male) |
| 12:42 | Create | Archer |
| 12:44 | Build | Farm |
| 12:50 | Build | Farm |
| 13:23 | Create | Archer |
| 13:28 | Build | House |
| 13:52 | Build | Farm |
| 13:54 | Build | Farm |
| 13:55 | Create | Villager (Male) |
| 13:57 | Create | Archer |
| 14:11 | Build | Farm |
| 14:18 | Create | Villager (Male) |
| 14:26 | Build | Farm |
| 14:44 | Create | Villager (Male) |
| 14:45 | Create | Archer |
| 14:49 | Build | House |
| 14:53 | Build | House |
| 15:17 | Create | Villager (Male) |
| 15:51 | Build | Farm |
| 15:52 | Build | Farm |
| 15:55 | Create | Villager (Male) |
| 16:03 | Build | Blacksmith |
| 16:06 | Create | Villager (Male) |
| 16:09 | Create | Archer |
| 16:20 | Build | Farm |
| 16:39 | Build | Farm |
| 16:57 | Research | Castle Age |
| 17:02 | Build | Farm |
| 17:02 | Build | Farm |
| 17:14 | Build | Farm |
| 17:25 | Build | Palisade Wall |
| 17:30 | Create | Militia |
| 17:55 | Research | Scale Mail Armor |
| 18:00 | Create | Militia |
| 18:23 | Create | Militia |
| 18:29 | Create | Militia |
| 18:35 | Build | Barracks |
| 18:46 | Create | Militia |
| 18:58 | Create | Militia |
| 19:14 | Create | Villager (Male) |
| 19:17 | Build | Lumber Camp |
| 19:29 | Build | House |
| 19:33 | Create | Militia |
| 19:34 | Create | Militia |
| 19:37 | Age | Castle Age |
| 19:39 | Research | Squires |
| 19:39 | Research | Long Swordsman (upgrade) |
| 19:51 | Build | Siege Workshop |
| 19:51 | Create | Villager (Male) |
| 19:52 | Create | Militia |
| 19:52 | Create | Militia |
| 19:58 | Build | Farm |
| 20:02 | Create | Militia |
| 20:07 | Create | Militia |
| 20:08 | Create | Militia |
| 20:16 | Create | Militia |
| 20:16 | Create | Villager (Male) |
| 20:23 | Build | Farm |
| 20:34 | Build | House |
| 20:44 | Create | Battering Ram |
| 20:46 | Create | Militia |
| 20:46 | Create | Militia |
| 20:46 | Create | Militia |
| 20:46 | Create | Villager (Male) |
| 20:58 | Build | Palisade Wall |
| 20:58 | Build | Palisade Wall |
| 20:59 | Build | Palisade Wall |
| 20:59 | Build | Palisade Wall |
| 21:02 | Create | Militia |
| 21:08 | Create | Militia |
| 21:19 | Create | Militia |
| 21:20 | Create | Militia |
| 21:25 | Build | Barracks |
| 21:26 | Create | Militia |
| 21:30 | Create | Militia |
| 21:31 | Create | Villager (Male) |
| 21:37 | Create | Militia |
| 21:48 | Research | Chain Mail Armor |
| 21:52 | Build | Farm |
| 21:54 | Build | Farm |
| 21:59 | Create | Militia |
| 22:04 | Create | Militia |
| 22:12 | Build | House |
| 22:14 | Create | Militia |
| 22:20 | Build | House |
| 22:23 | Build | Palisade Wall |
Build order — NOC | Mati
First 150 of 198 actions detected
| 0:00 | Create | Villager (Male) ×4 |
| 0:01 | Build | House |
| 0:03 | Build | House |
| 1:24 | Create | Villager (Male) |
| 1:58 | Build | Lumber Camp |
| 2:03 | Create | Villager (Male) |
| 2:15 | Create | Villager (Male) |
| 2:49 | Create | Villager (Male) |
| 3:08 | Create | Villager (Male) |
| 3:37 | Create | Villager (Male) |
| 3:53 | Build | House |
| 3:59 | Create | Villager (Male) |
| 4:08 | Build | Mill |
| 4:18 | Create | Villager (Male) |
| 4:18 | Create | Villager (Male) |
| 4:42 | Create | Villager (Male) |
| 4:59 | Create | Villager (Male) |
| 5:25 | Create | Villager (Male) |
| 5:41 | Research | Loom |
| 6:48 | Research | Feudal Age |
| 7:16 | Build | Barracks |
| 7:24 | Build | House |
| 7:40 | Create | Villager (Male) ×2 |
| 7:49 | Build | Palisade Wall |
| 7:52 | Build | Palisade Wall |
| 7:54 | Build | Palisade Wall |
| 7:57 | Build | Palisade Wall |
| 8:03 | Build | Palisade Wall |
| 8:05 | Create | Villager (Male) |
| 8:07 | Build | Palisade Wall |
| 8:08 | Build | Palisade Wall |
| 8:37 | Build | Palisade Wall |
| 8:40 | Build | Palisade Wall |
| 8:42 | Build | Palisade Wall |
| 8:58 | Age | Feudal Age |
| 8:59 | Create | Spearman |
| 9:02 | Build | Archery Range |
| 9:04 | Research | Double-Bit Axe |
| 9:23 | Create | Villager (Male) |
| 9:28 | Create | Villager (Male) |
| 9:33 | Build | House |
| 9:47 | Create | Skirmisher |
| 9:47 | Create | Skirmisher |
| 10:08 | Build | House |
| 10:11 | Build | Palisade Wall |
| 10:15 | Create | Skirmisher |
| 10:19 | Build | Farm |
| 10:24 | Build | Farm |
| 10:33 | Build | Palisade Wall |
| 10:41 | Build | Farm |
| 10:45 | Create | Skirmisher |
| 10:46 | Build | Palisade Wall |
| 10:54 | Create | Villager (Male) |
| 11:08 | Build | Palisade Wall |
| 11:13 | Create | Villager (Male) |
| 11:14 | Create | Skirmisher |
| 11:30 | Build | Palisade Wall |
| 11:37 | Build | Palisade Wall |
| 11:42 | Create | Skirmisher |
| 11:43 | Create | Villager (Male) |
| 11:52 | Build | Farm |
| 12:05 | Create | Villager (Male) |
| 12:23 | Create | Villager (Male) |
| 12:47 | Create | Villager (Male) |
| 12:56 | Build | Blacksmith |
| 12:57 | Build | Palisade Wall |
| 13:05 | Create | Villager (Male) |
| 13:14 | Create | Villager (Male) |
| 13:19 | Create | Skirmisher |
| 13:25 | Build | Lumber Camp |
| 13:33 | Build | House |
| 13:34 | Build | House |
| 13:44 | Create | Villager (Male) |
| 13:47 | Create | Skirmisher |
| 13:59 | Create | Villager (Male) |
| 14:02 | Build | Mill |
| 14:06 | Research | Fletching |
| 14:12 | Create | Villager (Male) |
| 14:27 | Build | House |
| 14:32 | Build | Farm |
| 14:32 | Build | Farm |
| 14:36 | Create | Skirmisher |
| 14:42 | Build | Farm |
| 14:42 | Build | Farm |
| 14:43 | Build | Farm |
| 14:56 | Build | House |
| 15:12 | Build | Mining Camp |
| 15:15 | Create | Villager (Male) |
| 15:22 | Build | Farm |
| 15:31 | Build | Farm |
| 15:36 | Create | Villager (Male) |
| 15:51 | Build | House |
| 15:53 | Create | Villager (Male) |
| 16:03 | Build | Farm |
| 16:08 | Build | Farm |
| 16:23 | Build | Farm |
| 16:24 | Build | Farm |
| 16:32 | Create | Villager (Male) |
| 16:54 | Build | House |
| 17:23 | Build | Palisade Wall |
| 17:31 | Research | Castle Age |
| 17:45 | Build | Stable |
| 18:24 | Create | Villager (Male) |
| 18:28 | Research | Horse Collar |
| 18:46 | Create | Scout Cavalry |
| 18:51 | Create | Scout Cavalry |
| 19:17 | Create | Scout Cavalry |
| 19:23 | Research | Forging |
| 20:11 | Age | Castle Age |
| 20:13 | Create | Knight |
| 20:13 | Create | Knight |
| 20:13 | Create | Villager (Male) |
| 20:18 | Create | Knight |
| 20:21 | Build | Monastery |
| 20:26 | Build | Town Center |
| 20:37 | Create | Villager (Male) |
| 20:39 | Research | Elite Skirmisher (upgrade) |
| 20:54 | Research | Light Cavalry (upgrade) |
| 20:56 | Create | Villager (Male) |
| 21:03 | Research | Bodkin Arrow |
| 21:08 | Create | Militia |
| 21:08 | Create | Militia |
| 21:22 | Create | Villager (Male) |
| 21:24 | Create | Knight |
| 21:45 | Research | Scale Barding Armor |
| 21:49 | Build | Siege Workshop |
| 22:00 | Create | Knight |
| 22:34 | Create | Knight |
| 22:34 | Create | Villager (Male) |
| 22:44 | Create | Mangonel |
| 22:45 | Create | Villager (Male) |
| 22:46 | Create | Villager (Male) |
| 22:59 | Create | Villager (Male) |
| 23:17 | Create | Villager (Male) |
| 23:39 | Create | Villager (Male) |
| 23:47 | Create | Monk |
| 23:48 | Create | Monk |
| 23:48 | Create | Villager (Male) |
| 24:03 | Create | Villager (Male) |
| 24:03 | Create | Villager (Male) |
| 24:06 | Create | Mangonel |
| 24:21 | Build | House |
| 24:25 | Build | Mill |
| 24:26 | Build | Farm |
| 24:26 | Build | Farm |
| 24:27 | Build | Farm |
| 24:27 | Build | Farm |
| 24:27 | Build | Farm |
| 24:34 | Build | House |
| 24:35 | Build | House |
Match timeline
| 4:15 | Leonidas · first_building Barracks |
| 6:35 | Leonidas · wall_segment Palisade Wall x6 |
| 7:16 | NOC | Mati · first_building Barracks |
| 7:19 | Leonidas · wall_segment Palisade Wall x13 |
| 7:40 | Leonidas · wall_segment Palisade Wall x10 |
| 7:49 | NOC | Mati · wall_segment Palisade Wall x1 |
| 7:52 | NOC | Mati · wall_segment Palisade Wall x1 |
| 7:54 | NOC | Mati · wall_segment Palisade Wall x1 |
| 7:57 | NOC | Mati · wall_segment Palisade Wall x1 |
| 8:03 | NOC | Mati · wall_segment Palisade Wall x1 |
| 8:05 | Leonidas · wall_segment Palisade Wall x6 |
| 8:07 | NOC | Mati · wall_segment Palisade Wall x1 |
| 8:08 | NOC | Mati · wall_segment Palisade Wall x1 |
| 8:11 | Leonidas · wall_segment Palisade Wall x1 |
| 8:37 | NOC | Mati · wall_segment Palisade Wall x1 |
| 8:40 | NOC | Mati · wall_segment Palisade Wall x1 |
| 8:42 | NOC | Mati · wall_segment Palisade Wall x1 |
| 8:52 | Leonidas · wall_segment Palisade Wall x9 |
| 8:58 | NOC | Mati · age_up feudal |
| 9:02 | NOC | Mati · first_building Archery Range |
| 10:11 | NOC | Mati · wall_segment Palisade Wall x4 |
| 10:33 | NOC | Mati · wall_segment Palisade Wall x3 |
| 10:46 | NOC | Mati · wall_segment Palisade Wall x11 |
| 11:08 | NOC | Mati · wall_segment Palisade Wall x4 |
| 11:18 | Leonidas · age_up feudal |
| 11:21 | Leonidas · first_building Archery Range |
| 11:30 | NOC | Mati · wall_segment Palisade Wall x12 |
| 11:37 | NOC | Mati · wall_segment Palisade Wall x11 |
| 12:57 | NOC | Mati · wall_segment Palisade Wall x1 |
| 17:23 | NOC | Mati · wall_segment Palisade Wall x1 |
| 17:25 | Leonidas · wall_segment Palisade Wall x1 |
| 17:45 | NOC | Mati · first_building Stable |
| 19:37 | Leonidas · age_up castle |
| 19:51 | Leonidas · first_building Siege Workshop |
| 20:11 | NOC | Mati · age_up castle |
| 20:21 | NOC | Mati · first_building Monastery |
| 20:58 | Leonidas · wall_segment Palisade Wall x1 |
| 20:58 | Leonidas · wall_segment Palisade Wall x1 |
| 20:59 | Leonidas · wall_segment Palisade Wall x1 |
| 20:59 | Leonidas · wall_segment Palisade Wall x2 |
| 21:49 | NOC | Mati · first_building Siege Workshop |
| 22:23 | Leonidas · wall_segment Palisade Wall x1 |
| 23:14 | Leonidas · wall_segment Palisade Wall x1 |
| 23:19 | Leonidas · wall_segment Palisade Wall x1 |
| 27:39 | NOC | Mati · first_building Castle |
| 29:19 | Leonidas · first_building Monastery |
| 29:52 | Leonidas · wall_segment Palisade Wall x1 |
| 29:54 | Leonidas · wall_segment Palisade Wall x1 |
| 31:37 | NOC | Mati · resign |
[ AI ANALYSIS · 1 CREDIT ]
What really happened in this match?
Wolo.gg analyzes every decision: build order, eco, micro, common mistakes by bracket. Personalized analysis on WhatsApp or Discord in 30 seconds.
Civ guide
Goths
Perfil
Jugador #1210686